 Dungeon Sprint DCSS version 0.27-a0-103-g6cd7b45605 (webtiles) character file.

Game seed: 17239137175562805196

533614 mhtbhm the Skullcrusher (level 21, -26/224 HPs)
             Began as a Minotaur Fighter on Jan 23, 2021.
             Was an Initiate of Gozag.
             Killed from afar by Lom Lobon (57 damage)
             ... with a great icy blast
             ... in the Dungeon (Sprint IX: "|||||||||||||||||||||||||||||").
             The game lasted 00:32:43 (13045 turns).

mhtbhm the Skullcrusher (Minotaur Fighter)         Turns: 13045, Time: 00:32:44

Health: -26/224    AC: 40    Str: 35    XL:     21   Next: 72%
Magic:  21/21      EV: 24    Int:  7    God:    Gozag
Gold:   35824      SH: 40    Dex: 12    Spells: 21/21 levels left

rFire    + + +     SeeInvis +   i - +9 double sword (holy)
rCold    + + .     Faith    .   c - +6 tower shield {AC+3}
rNeg     + + +     Spirit   .   b - +3 plate armour of the Fiddle {-Cast rF+++}
rPois    +         Reflect  +   L - +3 crown of Dyrovepreva {rElec Int+2 SInv}
rElec    +         Harm     .   G - +2 cloak {rPois}
rCorr    +         Rampage  .   H - +1 pair of gloves
Will     +....     NoTele   +   a - +0 pair of boots "Alieg" {Str+6 Stlth-} Stlth ++++++....NoCast +
                                R - amulet "Ceec" {Reflect rC+ SH+5}
HPRegen  0.47/turn              F - ring of the Moon {rN++ Stlth+}
MPRegen  0.17/turn              C - ring "Rebya" {rElec rF+ rN+ Slay+2}

@: mighty, resistant, frozen, gold aura, berserk cooldown, slowed, very slow
A: retaliatory headbutt, horns 2, sturdy frame 1
}: 9/17 runes: decaying, serpentine, barnacled, slimy, elven, silver, golden,
abyssal, gossamer
a: Renounce Religion, Potion Petition, Call Merchant, Bribe Branch


You were in the Dungeon.
You worshipped Gozag.
Gozag was extremely pleased with you.
You visited 1 branch You collected 54126 gold pieces.
You spent 4177 gold pieces at shops.
You paid 14125 gold pieces to Gozag.

Inventory:

Hand Weapons
 d - a +5 dire flail of holy wrath
 i - a +9 double sword of holy wrath (weapon)
 w - the +6 morningstar of Cuzxora {freeze, rN++ Stlth+}
   (You bought it in a shop in the Dungeon)

   It has been specially enchanted to freeze those struck by it, causing extra
   injury to most foes and up to half again as much damage against particularly
   susceptible opponents.
   It can also slow down cold-blooded creatures.
   It greatly protects you from negative energy.
   It makes you more stealthy.
 N - the +6 fustibalus "Xaxay" {speed, *Corrode Int+4 Dex+6 Stlth+}
   (You found it in the Dungeon)

   Attacks with this weapon are significantly faster.
   It affects your intelligence (+4).
   It affects your dexterity (+6).
   It may corrode you when you take damage.
   It makes you more stealthy.
Missiles
 y - a curare-tipped dart
 A - 28 sling bullets
 K - 19 javelins
 O - 12 silver javelins (quivered)
Armour
 a - the +0 pair of boots "Alieg" (worn) {Str+6 Stlth-}
   (You bought it in a shop in the Dungeon)

   It affects your strength (+6).
   It makes you less stealthy.
 b - the +3 plate armour of the Fiddle (worn) {-Cast rF+++}
   (You found it in the Dungeon)

   It renders you almost immune to fire.
   It prevents spellcasting.
 c - a +6 tower shield of protection (worn)
 G - a +2 cloak of poison resistance (worn)
 H - a +1 pair of gloves (worn)
 L - the +3 crown of Dyrovepreva (worn) {rElec Int+2 SInv}
   (You bought it in a shop in the Dungeon)

   It affects your intelligence (+2).
   It insulates you from electricity.
   It lets you see invisible.
Jewellery
 C - the ring "Rebya" (right hand) {rElec rF+ rN+ Slay+2}
   (You bought it in a shop in the Dungeon)

   [ring of protection from fire]

   It affects your accuracy and damage with ranged weapons and melee attacks
   (+2).
   It protects you from fire.
   It insulates you from electricity.
   It protects you from negative energy.
 F - the ring of the Moon (left hand) {rN++ Stlth+}
   (You bought it in a shop in the Dungeon)

   [ring of stealth]

   It greatly protects you from negative energy.
   It makes you more stealthy.
 M - a +6 ring of strength
 P - an uncursed ring of resist corrosion
 R - the amulet "Ceec" (around neck) {Reflect rC+ SH+5}
   (You found it in the Dungeon)

   [amulet of reflection]

   It shields you and reflects attacks.
   It protects you from cold.
   It affects your SH (+5).
Wands
 n - a wand of iceblast (7)
 q - a wand of flame (16)
 x - a wand of paralysis (6)
Scrolls
 j - 5 scrolls of blinking
 l - 5 scrolls of remove curse
 r - 2 scrolls of immolation
 t - a scroll of fog
 u - 3 scrolls of fear
 v - a scroll of identify
Potions
 e - 9 potions of curing
 f - 11 potions of heal wounds
 g - 9 potions of haste
 h - 9 potions of magic
 k - a potion of invisibility
 p - 3 potions of berserk rage
 z - a potion of attraction
 D - a potion of resistance
 I - 2 potions of brilliance
 W - 3 potions of might
 X - a potion of mutation
Miscellaneous
 m - the horn of Geryon
 E - a condenser vane (inert)


   Skills:
 O Level 27 Fighting
 + Level 13.2(20.7) Short Blades
 O Level 27 Long Blades
 + Level 14.2(23.3) Axes
 O Level 27 Maces & Flails
 + Level 14.2(18.3) Polearms
 + Level 14.2(23.3) Staves
 + Level 13.1(22.7) Slings
 - Level 4.6 Bows
 - Level 4.6 Crossbows
 O Level 27 Throwing
 O Level 27 Armour
 O Level 27 Dodging
 O Level 27 Stealth
 O Level 27 Shields
 - Level 4.6 Unarmed Combat
 - Level 0.6 Spellcasting
 - Level 0.8 Conjurations
 - Level 0.8 Hexes
 - Level 1.0 Summonings
 - Level 1.0 Necromancy
 - Level 1.0 Translocations
 - Level 1.1 Transmutations
 - Level 1.0 Fire Magic
 - Level 1.0 Ice Magic
 - Level 1.0 Air Magic
 - Level 1.1 Earth Magic
 - Level 1.0 Poison Magic
 - Level 1.3 Invocations
 O Level 27 Evocations


You had 21 spell levels left.
You didn't know any spells.
Your spell library was empty.

Dungeon Overview and Level Annotations

Branches:
Dungeon (1/1)

Altars:
Cheibriados
Dithmenos
Elyvilon
Fedhas
Gozag
Hepliaklqana
Kikubaaqudgha
Makhleb
Nemelex Xobeh
Okawaru
Qazlal
Ru
Sif Muna
Trog
Uskayaw
Vehumet
Wu Jian
Xom
Yredelemnul
Zin
The Shining One
Beogh
Jiyva
Lugonu

Shops:
D ?[[**(*=(*((=(

Annotations:
D Antaeus, Asmodeus, Gloorx Vloq, Lom Lobon, Mnoleg


Innate Abilities, Weirdness & Mutations

You reflexively headbutt those who attack you in melee.
You have a pair of horns on your head.
Your movements are slightly less encumbered by armour. (ER -2)


Message History

The great icy blast engulfs you!! You partially resist.
* * * LOW HITPOINT WARNING * * *
You are encased in ice.
The great icy blast engulfs Asmodeus!!
Asmodeus is flash-frozen.
Asmodeus gestures.
Mnoleg gestures.
The Executioner gives a hideous shriek!
Unknown command.
Blink to where?
Press: ? - help, Dir - move target
As you read the scroll of blinking, it crumbles to dust.
The ball lightning explodes!
The blast of lightning engulfs you. You resist.
* * * LOW HITPOINT WARNING * * *
The blast of lightning engulfs Lom Lobon.
Lom Lobon completely resists.
Lom Lobon gestures at you.
Lom Lobon conjures a mighty blast of ice!
The great icy blast engulfs you!!! You partially resist.
You die...
Your body crumbles into a pile of gold.

)∩∩.')).)).)...(..)'.............
♣♣♣♣▓▓▓▓▓▓▓▓▓▓▓▓▓▓▓▓▓▓▓▓▓▓▓▓▓▓▓▓▓
.................................
▓▓▓▓▓▓▓▓▓▓▓▓▓▓▓▓▓▓▓▓▓▓▓▓▓▓▓▓▓▓▓▓▓
......'.........'.........'......
▓▓▓▓▓▓▓▓▓▓▓▓▓▓▓▓▓▓▓▓▓▓▓▓▓▓▓▓▓▓▓▓▓
.................................
▓▓▓▓▓▓▓▓▓▓▓▓▓▓▓▓▓▓▓▓▓▓▓▓▓▓▓▓▓▓▓▓▓
................@§&§§§2§&&11XX&,,
▓▓▓▓▓▓▓▓▓▓▓▓▓▓▓▓▓▓▓▓▓▓▓▓▓▓▓▓▓▓▓**


You could see Lom Lobon (tornado) and a hellion (summoned).

Vanquished Creatures
  the Royal Jelly (D)
  2 orbs of fire (D)
  Mennas (D)
  3 ancient liches (D)
  8 royal mummies (D)
  Xtahua (D)
  Margery (D)
  2 curse toes (D)
  4 golden dragons (D)
  Geryon (D)
  Nikola (D)
  A bone dragon (D)
  3 tentacled monstrosities (D)
  3 electric golems (D)
  31 Orb Guardians (D)
  2 liches (D)
  A titan (D)
  3 deep elf blademasters (D)
  A quicksilver dragon (D)
  3 deep elf master archers (D)
  12 sphinxes (D)
  2 death cobs (D)
  8 acid blobs (D)
  Agnes (D)
  A tentacled starspawn (D)
  2 draconian monks (D)
  9 nagarajas (D)
  7 shadow dragons (D)
  2 storm dragons (D)
  6 azure jellies (D)
  2 deep elf sorcerers (D)
  3 draconian knights (D)
  2 draconian scorchers (D)
  2 frost giants (D)
  A fire giant (D)
  7 emperor scorpions (D)
  3 ghost moths (D)
  2 draconian shifters (D)
  4 vault wardens (D)
  8 ironheart preservers (D)
  2 draconian stormcallers (D)
  A draconian annihilator (D)
  4 very ugly things (D)
  5 stone giants (D)
  8 vampire knights (D)
  4 deep elf annihilators (D)
  A deep elf demonologist (D)
  3 green draconians (D)
  Azrael (D)
  2 purple draconians (D)
  2 dire elephants (D)
  2 yellow draconians (D)
  A white draconian (D)
  A bunyip (D)
  8 black draconians (D)
  An ettin (D)
  An eleionoma (D)
  Snorg (D)
  2 merfolk javelineers (D)
  4 fire dragons (D)
  5 merfolk impalers (D)
  9 death oozes (D)
  A deep elf high priest (D)
  5 mummy priests (D)
  7 ice dragons (D)
  5 ogre magi (D)
  Erolcha (D)
  3 great orbs of eyes (D)
  2 boulder beetles (D)
  25 vault guards (D)
  A naga warrior (D)
  A merfolk avatar (D)
  3 yaktaur captains (D)
  9 hydras (D)
  A centaur warrior (D)
  A satyr (D)
  2 two-headed ogres (D)
  2 alligators (D)
  A merfolk aquamancer (D)
  7 orc high priests (D)
  Urug (D)
  A naga sharpshooter (D)
  A deep elf knight (D)
  5 hell knights (D)
  Sonja (D)
  8 swamp dragons (D)
  2 spriggan druids (D)
  2 starcursed masses (D)
  A flayed ghost (D)
  2 sea snakes (D)
  3 glowing orange brains (D)
  A glowing orange brain (shapeshifter) (D)
  2 deep elf archers (D)
  2 orc knights (D)
  A harpy (D)
  4 ironbrand convokers (D)
  A necromancer (D)
  A mana viper (D)
  2 cyclopes (D)
  6 elephants (D)
  2 manticores (D)
  A will-o-the-wisp (D)
  3 wolf spiders (D)
  9 moths of wrath (D)
  2 ugly things (D)
  A guardian serpent (D)
  A worldbinder (D)
  A water nymph (D)
  3 black mambas (D)
  A merfolk siren (D)
  3 naga magi (D)
  4 cane toads (D)
  A torpor snail (D)
  2 komodo dragons (D)
  A freezing wraith (D)
  5 yaktaurs (D)
  3 demonic crawlers (D)
  15 guardian mummies (D)
  A troll (D)
  2 large abominations (D)
  A wandering mushroom (D)
  A jumping spider (D)
  A hornet (D)
  4 merfolk (D)
  A slime creature (D)
  A raiju (D)
  A redback (D)
  A shadow (D)
  2 tarantellas (D)
  4 yaks (D)
  A vampire (D)
  A wyvern (D)
  11 spriggans (D)
  A chaos spawn (D)
  3 golden eyes (D)
  2 fire elementals (D)
  Grum (D)
  3 nagas (D)
  3 water moccasins (D)
  4 hell hounds (D)
  12 orc warriors (D)
  2 floating eyes (D)
  A swamp drake (D)
  An ice beast (D)
  3 wolves (D)
  A boggart (D)
  3 centaurs (D)
  2 small abominations (D)
  4 bullfrogs (D)
  A wight (D)
  3 orc wizards (D)
  7 orc priests (D)
  A worker ant (D)
  2 ufetubi (D)
  An adder zombie (D)
  A worm (D)
  A leopard gecko (D)
  9 orcs (D)
  A bat skeleton (D)
  A bat zombie (D)
  A bat (D)
  A bat simulacrum (D)
  A frilled lizard (D)
  A kobold (D)
  A rat (D)
519 creatures vanquished.

Vanquished Creatures (others)
  Ilsuiw (D)
  A vampire knight (D)
  6 ball lightnings (D)
8 creatures vanquished.

Grand Total: 527 creatures vanquished

Notes
Turn   | Place    | Note
-------+----------+-------------------------------------------
     0 | D        | mhtbhm the Minotaur Fighter began the quest for the Orb.
     0 | D        | Reached XP level 1. HP: 19/19 MP: 0/0
    33 | D        | Noticed a worker ant
    36 | D        | Reached XP level 2. HP: 28/28 MP: 1/1
    45 | D        | Reached skill level 5 in Fighting
    45 | D        | Reached skill level 5 in Armour
    45 | D        | Reached skill level 1 in Dodging
    45 | D        | Reached skill level 5 in Shields
    45 | D        | Reached XP level 3. HP: 26/36 MP: 2/2
    55 | D        | Found a roughly hewn altar of Beogh.
    55 | D        | Found a snail-covered altar of Cheibriados.
    55 | D        | Found a shadowy altar of Dithmenos.
    55 | D        | Found a white marble altar of Elyvilon.
    55 | D        | Found a blossoming altar of Fedhas.
    55 | D        | Found an opulent altar of Gozag.
    56 | D        | Found a hazy altar of Hepliaklqana.
    57 | D        | Found a viscous altar of Jiyva.
    58 | D        | Found an ancient bone altar of Kikubaaqudgha.
    59 | D        | Found a corrupted altar of Lugonu.
    60 | D        | Found a burning altar of Makhleb.
    61 | D        | Found a sparkling altar of Nemelex Xobeh.
    62 | D        | Found an iron altar of Okawaru.
    63 | D        | Became a worshipper of Gozag Ym Sagoz the Greedy
    64 | D        | Found a stormy altar of Qazlal.
    65 | D        | Found a sacrificial altar of Ru.
    66 | D        | Found a shimmering blue altar of Sif Muna.
    67 | D        | Found a bloodstained altar of Trog.
    68 | D        | Found a hide-covered altar of Uskayaw.
    69 | D        | Found a radiant altar of Vehumet.
    70 | D        | Found an ornate altar of the Wu Jian Council.
    71 | D        | Found a shimmering altar of Xom.
    72 | D        | Found a basalt altar of Yredelemnul.
    73 | D        | Found a glowing silver altar of Zin.
    74 | D        | Found a glowing golden altar of the Shining One.
   201 | D        | Noticed a centaur
   201 | D        | Noticed a water moccasin
   201 | D        | Noticed a vampire
   201 | D        | Noticed a two-headed ogre
   206 | D        | Killed a centaur
   207 | D        | Reached skill level 5 in Maces & Flails
   207 | D        | Reached XP level 4. HP: 39/45 MP: 3/3
   208 | D        | Killed a water moccasin
   209 | D        | Reached XP level 5. HP: 39/53 MP: 4/4
   222 | D        | Killed a vampire
   223 | D        | Reached XP level 6. HP: 24/62 MP: 5/5
   225 | D        | Killed a two-headed ogre
   226 | D        | Reached skill level 10 in Fighting
   226 | D        | Reached XP level 7. HP: 28/73 MP: 6/6
   226 | D        | Reached XP level 8. HP: 31/80 MP: 7/7
   474 | D        | Noticed a hornet
   474 | D        | Noticed a boulder beetle
   474 | D        | Noticed a white ugly thing
   478 | D        | Reached skill level 10 in Shields
   796 | D        | Killed a hornet
   807 | D        | Killed a white ugly thing
   858 | D        | Killed a boulder beetle
   859 | D        | Reached skill level 1 in Stealth
   859 | D        | Reached XP level 9. HP: 68/90 MP: 8/8
  1048 | D        | Noticed a cane toad
  1055 | D        | Noticed a cane toad
  1056 | D        | Noticed a cane toad
  1062 | D        | Noticed a komodo dragon
  1064 | D        | Killed a cane toad
  1083 | D        | Killed a cane toad
  1084 | D        | Reached skill level 15 in Maces & Flails
  1089 | D        | Killed a cane toad
  1090 | D        | Reached XP level 10. HP: 44/100 MP: 9/9
  1339 | D        | Noticed a cane toad
  1340 | D        | Noticed an eight-headed hydra
  1348 | D        | Noticed a four-headed hydra
  1352 | D        | Killed a cane toad
  1357 | D        | Killed an eight-headed hydra
  1364 | D        | Killed a four-headed hydra
  1365 | D        | Reached skill level 15 in Armour
  1532 | D        | Noticed an elephant
  1532 | D        | Noticed an elephant
  1532 | D        | Noticed an elephant
  1532 | D        | Noticed an elephant
  1532 | D        | Noticed an elephant
  1532 | D        | Noticed a dire elephant
  1539 | D        | Killed an elephant
  1542 | D        | Killed an elephant
  1543 | D        | Noticed a dire elephant
  1545 | D        | Noticed an elephant
  1553 | D        | Killed a dire elephant
  1554 | D        | Reached XP level 11. HP: 56/111 MP: 10/10
  1571 | D        | Killed a dire elephant
  1572 | D        | Reached skill level 15 in Fighting
  1572 | D        | Reached skill level 5 in Dodging
  1577 | D        | Reached skill level 5 in Stealth
  1836 | D        | Noticed Sonja
  1839 | D        | Killed Sonja
  1847 | D        | Noticed Grum
  1854 | D        | Killed Grum
  2012 | D        | Noticed Urug
  2020 | D        | Killed Urug
  2307 | D        | Noticed an orc knight
  2321 | D        | Killed an orc knight
  2322 | D        | Reached skill level 1 in Evocations
  2488 | D        | Found Rotzihil's General Store.
  2488 | D        | Noticed an orc high priest
  2488 | D        | Noticed an orc high priest
  2488 | D        | Noticed an orc high priest
  2489 | D        | Noticed a sun demon
  2497 | D        | Noticed an orc high priest
  2500 | D        | Noticed a sun demon
  2505 | D        | Killed an orc high priest
  2506 | D        | Found Imair's Jewellery Shoppe.
  2514 | D        | Noticed a soul eater
  2518 | D        | Killed an orc high priest
  2630 | D        | Killed an orc high priest
  2631 | D        | Reached XP level 12. HP: 63/125 MP: 11/11
  2664 | D        | Killed an orc high priest
  2903 | D        | Found Dareh's General Store.
  2907 | D        | Found Rieclocist's Jewellery Shoppe.
  2910 | D        | Noticed an orc high priest
  2911 | D        | Noticed an orc high priest
  2912 | D        | Noticed an orc high priest
  2917 | D        | Killed an orc high priest
  2920 | D        | Killed an orc high priest
  2923 | D        | Reached skill level 15 in Shields
  2925 | D        | Killed an orc high priest
  2967 | D        | Bought a potion of heal wounds for 55 gold pieces
  2967 | D        | Bought an uncursed amulet of regeneration for 330 gold
                  | pieces
  2967 | D        | Bought a scroll of identify for 22 gold pieces
  2969 | D        | Bought the ring "Rebya" {rElec rF+ rN+ Slay+2} for 670 gold
                  | pieces
  2973 | D        | Bought a potion of resistance for 110 gold pieces
  2973 | D        | Bought a condenser vane for 440 gold pieces
  2975 | D        | Bought the ring of the Moon {rN++ Stlth+} for 350 gold
                  | pieces
  3090 | D        | Noticed Erolcha
  3096 | D        | Killed Erolcha
  3228 | D        | Noticed a two-headed ogre
  3229 | D        | Noticed a four-headed hydra
  3243 | D        | Killed a two-headed ogre
  3247 | D        | Noticed a great orb of eyes
  3250 | D        | Killed a four-headed hydra
  3251 | D        | Noticed a stone giant
  3257 | D        | Noticed an ogre mage
  3261 | D        | Noticed a stone giant
  3264 | D        | Killed a great orb of eyes
  3282 | D        | Killed a stone giant
  3288 | D        | Killed a stone giant
  3294 | D        | Killed an ogre mage
  3450 | D        | Noticed Azrael
  3462 | D        | Killed Azrael
  3463 | D        | Reached skill level 1 in Throwing
  3604 | D        | Reached XP level 13. HP: 128/138 MP: 12/12
  3766 | D        | Noticed a bunyip
  3766 | D        | Noticed an eleionoma
  3776 | D        | Killed an eleionoma
  3777 | D        | Killed a bunyip
  4393 | D        | Noticed Agnes
  4394 | D        | Noticed Snorg
  4411 | D        | Killed Agnes
  4419 | D        | Killed Snorg
  4536 | D        | Noticed a frost giant
  4536 | D        | Noticed a fire dragon
  4536 | D        | Noticed a stone giant
  4545 | D        | Killed a frost giant
  4548 | D        | Reached skill level 5 in Throwing
  4548 | D        | Reached XP level 14. HP: 151/151 MP: 13/13
  4549 | D        | Reached skill level 10 in Dodging
  4557 | D        | Killed a stone giant
  4561 | D        | Noticed a cyan very ugly thing
  4633 | D        | Killed a red very ugly thing
  4971 | D        | Noticed a red very ugly thing
  4978 | D        | Killed a red very ugly thing
  4979 | D        | Reached skill level 5 in Evocations
  5025 | D        | Paralysed by a great orb of eyes for 3 turns
  5172 | D        | Noticed a vault warden
  5173 | D        | Noticed an ironheart preserver
  5181 | D        | Noticed a vault warden
  5182 | D        | Killed a vault warden
  5184 | D        | Noticed an ironheart preserver
  5185 | D        | Killed an ironheart preserver
  5194 | D        | Noticed a vault warden
  5197 | D        | Killed an ironheart preserver
  5205 | D        | Killed a vault warden
  5206 | D        | Noticed an ironheart preserver
  5213 | D        | Killed a vault warden
  5214 | D        | Noticed an ironheart preserver
  5216 | D        | Noticed an ironheart preserver
  5220 | D        | Killed an ironheart preserver
  5222 | D        | Killed an ironheart preserver
  5222 | D        | Noticed an ironheart preserver
  5232 | D        | Killed an ironheart preserver
  5234 | D        | Killed an ironheart preserver
  5450 | D        | Reached XP level 15. HP: 150/166 MP: 14/14
  5452 | D        | Noticed a red draconian knight
  5461 | D        | Paralysed by a vampire knight for 6 turns
  5467 | D        | HP: 6/166 [red draconian knight/+2 glaive (5)]
  5481 | D        | Killed a red draconian knight
  5734 | D        | Noticed Xtahua
  5746 | D        | Killed Xtahua
  5910 | D        | Got the +3 plate armour of the Fiddle {-Cast rF+++}
  6057 | D        | Noticed Margery
  6075 | D        | Killed Margery
  6094 | D        | Reached skill level 10 in Throwing
  6144 | D        | Bought the +3 crown of Dyrovepreva {rElec Int+2 SInv} for
                  | 621 gold pieces
  6144 | D        | Found the +3 crown of Dyrovepreva {rElec Int+2 SInv}
  6184 | D        | Noticed Ilsuiw
  6222 | D        | Killed Ilsuiw
  6243 | D        | Got a barnacled rune of Zot
  6402 | D        | Noticed a ghost moth
  6408 | D        | Killed a ghost moth
  6498 | D        | Noticed a ghost moth
  6511 | D        | Killed a ghost moth
  6529 | D        | Got a gossamer rune of Zot
  6613 | D        | Noticed a nagaraja
  6613 | D        | Noticed a nagaraja
  6613 | D        | Noticed a nagaraja
  6613 | D        | Noticed a nagaraja
  6616 | D        | Noticed a nagaraja
  6617 | D        | Killed a nagaraja
  6619 | D        | Killed a nagaraja
  6619 | D        | Killed a nagaraja
  6620 | D        | Reached skill level 27 in Maces & Flails
  6620 | D        | Reached XP level 16. HP: 180/180 MP: 15/15
  6670 | D        | Got a serpentine rune of Zot
  6809 | D        | Got a decaying rune of Zot
  7060 | D        | Reached skill level 27 in Shields
  7063 | D        | Reached skill level 15 in Throwing
  7095 | D        | Reached skill level 27 in Fighting
  7257 | D        | Noticed a titan
  7265 | D        | Killed a titan
  7285 | D        | Noticed a shadow dragon
  7291 | D        | Killed a shadow dragon
  7292 | D        | Reached skill level 15 in Dodging
  7300 | D        | Noticed a shadow dragon
  7309 | D        | Killed a shadow dragon
  7310 | D        | Reached XP level 17. HP: 191/191 MP: 16/16
  7517 | D        | Noticed a golden dragon
  7517 | D        | Noticed a lich
  7528 | D        | Killed a golden dragon
  7532 | D        | Killed a lich
  7782 | D        | Got a silver rune of Zot
  7787 | D        | Got a bloodstained fustibalus
  7788 | D        | Identified the +6 fustibalus "Xaxay" {speed, *Corrode Int+4
                  | Dex+6 Stlth+} (You found it in the Dungeon)
  7845 | D        | Noticed Mennas
  7868 | D        | Killed Mennas
  7869 | D        | Reached skill level 10 in Evocations
  7961 | D        | Noticed Nikola
  7970 | D        | Killed Nikola
  8035 | D        | Got the amulet "Ceec" {Reflect rC+ SH+5}
  8037 | D        | Got the ring of the Tempest {Int+3 Dex+4}
  8039 | D        | Got the amulet "Voenuf" {Spirit rElec rPois rF+ Will+}
  8041 | D        | Got the ring "Joiqics" {rPois Dex+3}
  8043 | D        | Got the amulet "Aleom" {Faith rElec rF- rN+}
  8221 | D        | Paralysed by a floating eye for 2 turns
  8421 | D        | Noticed a bone dragon
  8432 | D        | Killed a bone dragon
  8621 | D        | Noticed a golden dragon
  8621 | D        | Noticed a tentacled monstrosity
  8626 | D        | Killed a tentacled monstrosity
  8628 | D        | Killed a golden dragon
  8629 | D        | Reached skill level 27 in Throwing
  8856 | D        | Bought a scroll of identify for 44 gold pieces
  8860 | D        | Noticed a golden dragon
  8865 | D        | Noticed a quicksilver dragon
  8872 | D        | Reached XP level 18. HP: 200/200 MP: 17/17
  8877 | D        | Killed a golden dragon
  8878 | D        | Reached skill level 27 in Armour
  8962 | D        | Noticed a curse toe
  8974 | D        | Killed a curse toe
  9230 | D        | Noticed an electric golem
  9271 | D        | Killed an electric golem
  9390 | D        | Noticed an Orb Guardian
  9390 | D        | Noticed an Orb Guardian
  9390 | D        | Noticed an Orb Guardian
  9390 | D        | Noticed an Orb Guardian
  9390 | D        | Noticed an Orb Guardian
  9390 | D        | Noticed an Orb Guardian
  9396 | D        | Killed an Orb Guardian
  9403 | D        | Killed an Orb Guardian
  9407 | D        | Killed an Orb Guardian
  9414 | D        | Killed an Orb Guardian
  9422 | D        | Killed an Orb Guardian
  9426 | D        | Killed an Orb Guardian
  9427 | D        | Noticed an Orb Guardian
  9428 | D        | Noticed an Orb Guardian
  9429 | D        | Noticed an Orb Guardian
  9441 | D        | Killed an Orb Guardian
  9442 | D        | Noticed an Orb Guardian
  9447 | D        | Killed an Orb Guardian
  9451 | D        | Killed an Orb Guardian
  9459 | D        | Killed an Orb Guardian
  9474 | D        | Noticed a tentacled monstrosity
  9474 | D        | Noticed an Orb Guardian
  9474 | D        | Noticed an Orb Guardian
  9474 | D        | Noticed a tentacled monstrosity
  9478 | D        | Noticed an Orb Guardian
  9479 | D        | Killed a tentacled monstrosity
  9495 | D        | Killed a tentacled monstrosity
  9498 | D        | Killed an Orb Guardian
  9499 | D        | Noticed an Orb Guardian
  9509 | D        | Killed an Orb Guardian
  9528 | D        | Reached XP level 19. HP: 165/207 MP: 18/18
  9656 | D        | Noticed an ancient lich
  9671 | D        | Killed an ancient lich
  9676 | D        | Bought a potion of heal wounds for 95 gold pieces
  9676 | D        | Bought a potion of heal wounds for 95 gold pieces
  9679 | D        | Bought the +6 morningstar of Cuzxora {freeze, rN++ Stlth+}
                  | for 805 gold pieces
  9679 | D        | Bought 28 sling bullets for 196 gold pieces
  9698 | D        | Noticed an orb of fire
  9721 | D        | Killed an orb of fire
  9757 | D        | Noticed an electric golem
  9766 | D        | Killed an electric golem
  9945 | D        | Noticed an ancient lich
  9945 | D        | Noticed a curse toe
  9950 | D        | Noticed an orb of fire
  9956 | D        | Reached skill level 27 in Evocations
  9961 | D        | Killed an ancient lich
  9961 | D        | Killed a curse toe
  9964 | D        | Gained mutation: Your movements are slightly less
                  | encumbered by armour. (ER -2) [an orb of fire]
  9965 | D        | Killed an orb of fire
  9965 | D        | Noticed a golden dragon
  9968 | D        | Reached skill level 27 in Dodging
  9970 | D        | Killed a golden dragon
  9971 | D        | Reached skill level 1 in Short Blades
  9971 | D        | Reached skill level 1 in Long Blades
  9971 | D        | Reached skill level 1 in Axes
  9971 | D        | Reached skill level 1 in Polearms
  9971 | D        | Reached skill level 1 in Staves
  9971 | D        | Reached skill level 1 in Slings
  9971 | D        | Reached skill level 1 in Bows
  9971 | D        | Reached skill level 1 in Crossbows
  9971 | D        | Reached skill level 1 in Unarmed Combat
  9971 | D        | Reached skill level 1 in Summonings
  9971 | D        | Reached skill level 1 in Necromancy
  9971 | D        | Reached skill level 1 in Translocations
  9971 | D        | Reached skill level 1 in Transmutations
  9971 | D        | Reached skill level 1 in Fire Magic
  9971 | D        | Reached skill level 1 in Ice Magic
  9971 | D        | Reached skill level 1 in Air Magic
  9971 | D        | Reached skill level 1 in Earth Magic
  9971 | D        | Reached skill level 1 in Poison Magic
  9971 | D        | Reached skill level 1 in Invocations
  9974 | D        | Noticed an electric golem
  9992 | D        | Killed an electric golem
  9993 | D        | Reached skill level 10 in Long Blades
 10240 | D        | Reached skill level 10 in Stealth
 10256 | D        | Reached skill level 15 in Long Blades
 10274 | D        | Reached XP level 20. HP: 207/216 MP: 20/20
 10453 | D        | Noticed an ancient lich
 10465 | D        | Reached skill level 15 in Stealth
 10474 | D        | Killed an ancient lich
 10679 | D        | Bought a scroll of immolation for 49 gold pieces
 10681 | D        | Bought the +0 pair of boots "Alieg" {Str+6 Stlth-} for 295
                  | gold pieces
 11011 | D        | Got an elven rune of Zot
 11097 | D        | Noticed the Royal Jelly
 11104 | D        | Killed the Royal Jelly
 11264 | D        | Reached skill level 27 in Long Blades
 11290 | D        | Got a slimy rune of Zot
 11464 | D        | Reached XP level 21. HP: 209/224 MP: 21/21
 11714 | D        | Reached skill level 27 in Stealth
 11972 | D        | Noticed a royal mummy
 11982 | D        | Killed a royal mummy
 11983 | D        | Reached skill level 5 in Axes
 11983 | D        | Reached skill level 5 in Polearms
 11983 | D        | Reached skill level 5 in Staves
 11987 | D        | Reached skill level 5 in Short Blades
 12313 | D        | Noticed a royal mummy
 12313 | D        | Noticed a royal mummy
 12313 | D        | Noticed a royal mummy
 12313 | D        | Noticed a royal mummy
 12313 | D        | Noticed a royal mummy
 12316 | D        | Reached skill level 5 in Slings
 12319 | D        | Killed a royal mummy
 12320 | D        | Killed a royal mummy
 12320 | D        | Noticed a royal mummy
 12321 | D        | Killed a royal mummy
 12322 | D        | Reached skill level 10 in Axes
 12322 | D        | Reached skill level 10 in Polearms
 12322 | D        | Reached skill level 10 in Staves
 12322 | D        | Killed a royal mummy
 12323 | D        | Reached skill level 10 in Short Blades
 12323 | D        | Reached skill level 10 in Slings
 12323 | D        | Killed a royal mummy
 12323 | D        | Killed a royal mummy
 12323 | D        | Noticed a royal mummy
 12336 | D        | Killed a royal mummy
 12724 | D        | Got a golden rune of Zot
 12869 | D        | Got an abyssal rune of Zot
 13013 | D        | Noticed Geryon
 13023 | D        | Killed Geryon
 13027 | D        | Noticed Lom Lobon
 13027 | D        | Identified the +7 sceptre of Asmodeus
 13027 | D        | Noticed Asmodeus
 13028 | D        | Noticed Gloorx Vloq
 13032 | D        | Noticed Antaeus
 13039 | D        | Noticed Mnoleg
 13045 | D        | Killed from afar by Lom Lobon

Illustrated notes

Levels and vault maps discovered:
D:        linesprint [early_d, line_temple, items_1, d_10, items_2, lair_1,
          lair_end, items_3, orc_1, orc_end, items_4, d_15, swamp_1, shoals_1,
          snake_1, spider_1, d_20, vaults_1, items_5, swamp_end, shoals_end,
          snake_end, spider_end, vaults_end, d_27, items_6, zot_1, zot_end,
          crypt_end, forest_end, elf_end, slime_end, tomb_end, abyss_end,
          pan_hell_end]

Skill      XL: |  1  2  3  4  5  6  7  8  9 10 11 12 13 14 15 16 17 18 19 20 21 |
---------------+----------------------------------------------------------------+-----
Shields        | 4 5 6 7 8 9 11 12 14 16 19 22 24 27 | 27.0
Armour         | 4 5 6 7 9 11 13 14 15 16 17 18 19 22 26 27 | 27.0
Maces & Flails | 3 4 5 7 9 11 13 15 17 19 21 23 25 27 | 27.0
Fighting       | 4 5 6 7 8 10 12 14 17 19 21 23 25 27 | 27.0
Dodging        | 1 2 3 4 5 8 9 12 14 15 16 20 27 | 27.0
Stealth        | 1 2 4 5 12 24 27 | 27.0
Evocations     | 1 2 4 5 7 9 11 24 27 | 27.0
Throwing       | 1 5 8 12 19 27 | 27.0
Short Blades   | 1 13 | 13.2
Long Blades    | 17 27 | 27.0
Axes           | 1 14 | 14.2
Polearms       | 1 14 | 14.2
Staves         | 1 14 | 14.2
Slings         | 1 13 | 13.1
Bows           | 1 4 |  4.6
Crossbows      | 1 4 |  4.6
Unarmed Combat | 1 4 |  4.6
Summonings     | 1 |  1.0
Necromancy     | 1 |  1.0
Translocations | 1 |  1.0
Transmutations | 1 |  1.1
Fire Magic     | 1 |  1.0
Ice Magic      | 1 |  1.0
Air Magic      | 1 |  1.0
Earth Magic    | 1 |  1.1
Poison Magic   | 1 |  1.0
Invocations    | 1 |  1.3
Spellcasting   | |  0.6
Conjurations   | |  0.8
Hexes          | |  0.8

Action                   |  1- 3 |  4- 6 |  7- 9 | 10-12 | 13-15 | 16-18 | 19-21 || total
-------------------------+-------+-------+-------+-------+-------+-------+-------++-------
Melee: Flail             |    23 |       |       |       |       |       |       ||    23
       Headbutt          |     5 |     7 |    25 |    58 |    80 |   113 |    72 ||   360
       Morningstar       |     5 |    16 |    81 |   272 |   319 |   397 |   171 ||  1261
       Double sword      |       |       |       |       |       |       |   119 ||   119
Throw: Javelin           |       |       |       |     2 |    41 |    96 |    99 ||   238
       Dart              |       |       |       |       |     8 |     4 |     3 ||    15
Invok: Call Merchant     |       |       |       |       |     1 |     4 |     5 ||    10
       Potion Petition   |       |       |       |       |     1 |       |     2 ||     3
Evoke: Wand              |       |       |       |     3 |       |       |     1 ||     4
       Condenser vane    |       |       |       |     2 |    14 |     9 |    10 ||    35
  Use: Potion            |       |     2 |     1 |     3 |     5 |     2 |       ||    13
       Scroll            |       |       |     1 |       |     1 |     5 |    17 ||    24
 Stab: Distracted        |       |       |     3 |     3 |     4 |     7 |     6 ||    23
       Confused          |       |       |       |     1 |     3 |     2 |       ||     6
       Sleeping          |       |       |       |     1 |       |       |     1 ||     2
Armor: Scale mail        |    11 |       |       |       |       |       |       ||    11
       Chain mail        |     3 |    10 |    12 |    29 |       |       |       ||    54
       Swamp dragon scal |       |       |       |    10 |    61 |       |       ||    71
       Plate armour      |       |       |       |       |    21 |    65 |    60 ||   146
Dodge: Dodged            |     5 |     1 |    12 |    52 |    97 |    60 |    60 ||   287
Block: Kite shield       |    20 |     2 |    24 |   105 |   106 |       |       ||   257
       Tower shield      |       |       |       |       |    87 |   301 |   258 ||   646
       Reflection        |       |       |       |       |       |     1 |    10 ||    11
       Rpst.: Double sword |       |       |       |       |       |       |     1 ||     1

Table legend: (Time is in decaauts) A = Elapsed time spent in this place. B = Non-inter-level travel time spent in this place. C = Inter-level travel time spent in this place. D = Time resting spent in this place. E = Time spent auto-exploring this place. F = Levels seen in this place. G = Mean time per level. A B C D E F G +--------+--------+--------+--------+--------+-----+--------+ Total | 12651 | 12651 | 0 | 6945 | 1437 | 1 | 12651.0 | Dungeon | 12651 | 12651 | 0 | 6945 | 1437 | 1 | 12651.0 | +--------+--------+--------+--------+--------+-----+--------+

Top non-repeatable levels by time:
       D: 12651 daAuts
